Hurricanes vs Wild

Created - December 7 2011 at 18:27

Goals
1 2 3 T
Hurricanes 2 1 1 4
Wild 3 4 0 7
Shots
1 2 3 T
Hurricanes 9 12 10 31
Wild 11 11 10 32

Period #1

1. Hurricanes , Shawn Thornton 4 (Martin Hanzal, Eric Staal) at 5:46 (PP)
2. Hurricanes , Sergei Gonchar 9 (Eric Staal, Thomas Vanek) at 7:04
3. Wild , Ryan Getzlaf 15 (Michal Rozsival, Joni Pitkanen) at 8:25 (PP)
4. Wild , Bobby Ryan 14 (Christopher Higgins, Colin White) at 10:52 (PP)
5. Wild , Christopher Higgins 9 (Ryan Getzlaf, Michal Rozsival) at 14:22

Penalties :
Eric Staal (CAR) for High sticking (Double Minor) at 0:21, Alexei Ponikarovsky (MIN) for Boarding (Minor) at 4:40, Martin Hanzal (CAR) for Boarding (Major) at 7:10, Shawn Thornton (CAR) for Tripping (Minor) at 7:59, Alexei Ponikarovsky (MIN) for Tripping (Minor) at 17:28

Period #2

6. Wild , Brian Gionta 14 (Joni Pitkanen, Rene Bourque) at 2:12
7. Wild , Ryan Getzlaf 16 (Alexei Ponikarovsky, Andrew Alberts) at 6:17
8. Wild , Bobby Ryan 15 (Michal Rozsival, Niclas Wallin) at 10:02 (SH)
9. Hurricanes , Thomas Vanek 13 (Eric Staal, Sergei Gonchar) at 13:38
10. Wild , Ryan Getzlaf 17 (Marc-Andre Bergeron) at 19:06

Penalties :
Bobby Ryan (MIN) for Fighting (Major) at 3:21, Matt Cooke (CAR) for Fighting (Major) at 3:21, Joni Pitkanen (MIN) for Hooking (Minor) at 9:08, Ryan Getzlaf (MIN) for Roughing (Minor) at 11:25, Brian Gionta (MIN) for Tripping (Minor) at 15:50, Joni Pitkanen (MIN) for Roughing (Minor) at 19:56

Period #3

11. Hurricanes , Chris Thorburn 6 (Jarome Iginla, Eric Staal) at 15:06

Penalties :
Mike Weber (CAR) for Hooking (Minor) at 6:29, Alexei Ponikarovsky (MIN) for Holding (Minor) at 8:45, Shawn Thornton (CAR) for Elbowing (Minor) at 8:45

Goalie Stats

Johan Hedberg (CAR), 25 saves from 32 shots - (0.781), L, 9-13-1, 60:00 minutes
Craig Anderson (MIN), 27 saves from 31 shots - (0.871), W, 16-10-2, 60:00 minutes

Players Stats

Hurricanes
Player Name              G  A  P  +/- PIM S  H  SB FO    MP 
------------------------------------------------------------
Anton Stralman           0  0  0   0  0   0  0  1  0/0   5  
Brad Boyes               0  0  0  -2  0   0  0  0  0/0   16 
Chris Thorburn           1  0  1  -2  0   2  0  1  0/1   23 
Eric Staal               0  4  4   2  4   3  0  1  15/35 23 
Jarome Iginla            0  1  1   1  0   2  0  0  0/0   4  
Jaroslav Spacek          0  0  0   0  0   0  1  0  0/0   22 
Johnny Oduya             0  0  0  -4  0   2  0  2  0/0   22 
Martin Hanzal            0  1  1  -1  5   1  3  0  7/11  18 
Matt Cooke               0  0  0  -1  5   2  0  0  1/2   14 
Matt Hunwick             0  0  0   1  0   3  1  2  0/0   22 
Michael Ryder            0  0  0   0  0   0  0  0  0/0   0  
Mike Fisher              0  0  0  -2  0   1  2  0  7/11  15 
Mike Weber               0  0  0  -3  2   0  1  3  0/0   19 
Ryan Shannon             0  0  0  -3  0   1  0  0  5/13  22 
Ryan Wilson              0  0  0   0  0   0  0  0  0/0   0  
Sergei Gonchar           1  1  2   2  0   1  1  0  0/0   23 
Shawn Thornton           1  0  1   1  4   5  2  0  0/2   21 
Thomas Vanek             1  1  2   1  0   8  0  0  0/3   17 
Wild
Player Name              G  A  P  +/- PIM S  H  SB FO    MP 
------------------------------------------------------------
Alexei Ponikarovsky      0  1  1   1  6   1  0  0  1/1   13 
Andrew Alberts           0  1  1   1  0   0  0  2  0/0   11 
Bobby Ryan               2  0  2   2  5   4  6  0  12/21 21 
Brian Gionta             1  0  1   1  2   8  0  1  1/2   18 
Brian Willsie            0  0  0   0  0   0  0  0  0/0   0  
Christopher Higgins      1  1  2  -1  0   2  1  0  1/2   17 
Colin White              0  1  1   0  0   0  1  1  0/0   10 
Joel Ward                0  0  0   2  0   2  1  1  1/1   17 
Joni Pitkanen            0  2  2   1  4   1  1  1  0/0   22 
Marc-Andre Bergeron      0  1  1  -1  0   1  0  0  0/0   16 
Michal Rozsival          0  3  3   1  0   0  2  7  0/0   22 
Mike Modano              0  0  0   0  0   2  0  1  14/23 17 
Milan Michalek           0  0  0  -1  0   2  0  0  1/4   19 
Niclas Wallin            0  1  1   1  0   1  2  0  0/0   15 
Rene Bourque             0  1  1   1  0   2  1  0  0/0   17 
Ruslan Fedotenko         0  0  0   0  0   0  2  1  1/2   7  
Ryan Getzlaf             3  1  4   0  2   5  1  0  11/22 20 
Tom Gilbert              0  0  0   1  0   1  3  2  0/0   22 

3 Stars

1 - Ryan Getzlaf (MIN)
2 - Michal Rozsival (MIN)
3 - Bobby Ryan (MIN)

Power Play

Hurricanes - 1 on 6 Attempt(s) - 16.67%
Wild - 2 on 5 Attempt(s) - 40.00%

Penalty Kill

Hurricanes - 3 on 5 Attempt(s) - 60.00% - Score 0 goal in Penalty Kill
Wild - 5 on 6 Attempt(s) - 83.33% - Score 1 goal in Penalty Kill

Game Notes

Bobby Ryan and Matt Cooke fight to a draw at 3:21 of 2nd period
Ryan Getzlaf has scored a Hat Trick!

Finance

Level 1 -- Attendance: 4247 (65.34%) -- Ticket Income $424,700.00
Level 2 -- Attendance: 3777 (75.54%) -- Ticket Income $226,620.00
Level 3 -- Attendance: 2724 (77.83%) -- Ticket Income $95,340.00
Level 4 -- Attendance: 2064 (100.00%) -- Ticket Income $41,280.00
Luxury Box -- Attendance: 687 (68.70%) -- Ticket Income $137,400.00
Game was played at the Xcel Energy Center
Total Attendance: 13499 (74.73%)
Total Ticket Income: $948,845.40
Other Income: $202,262.10
Total Income: $1,151,107.00


Play by Play

Period #1

0:01 of 1st period - Eric Staal wins face-off versus Ryan Getzlaf in neutral zone.
0:04 of 1st period - Michal Rozsival is hit by Shawn Thornton and loses puck.
0:21 of 1st period - Double Minor Penalty to Eric Staal for High sticking.
0:22 of 1st period - Martin Hanzal wins face-off versus Ryan Getzlaf in Hurricanes zone.
0:28 of 1st period - Icing by Joni Pitkanen.
0:29 of 1st period - Martin Hanzal wins face-off versus Ryan Getzlaf in Wild zone.
1:19 of 1st period - Christopher Higgins is hit by Martin Hanzal and loses puck.
1:26 of 1st period - Jaroslav Spacek is hit by Bobby Ryan and loses puck.
1:40 of 1st period - Bobby Ryan is hit by Jaroslav Spacek and loses puck.
3:01 of 1st period - Shot by Bobby Ryan.
3:01 of 1st period - Stopped by Johan Hedberg without a rebound.
3:02 of 1st period - Mike Modano wins face-off versus Shawn Thornton in Hurricanes zone.
3:11 of 1st period - Shot by Brian Gionta.
3:11 of 1st period - Stopped by Johan Hedberg with a rebound.
3:15 of 1st period - Shot by Brian Gionta.
3:15 of 1st period - Deflect By Rene Bourque.
3:15 of 1st period - Shot Misses the Net.
3:17 of 1st period - Shot by Mike Modano.
3:17 of 1st period - Stopped by Johan Hedberg with a rebound.
4:38 of 1st period - Shot by Mike Modano.
4:38 of 1st period - Stopped by Johan Hedberg without a rebound.
4:39 of 1st period - Eric Staal wins face-off versus Mike Modano in Hurricanes zone.
4:39 of 1st period - Eric Staal is hit by Joel Ward.
4:40 of 1st period - Minor Penalty to Alexei Ponikarovsky for Boarding.
4:41 of 1st period - Ryan Shannon wins face-off versus Ryan Getzlaf in Wild zone.
4:42 of 1st period - Shot by Matt Hunwick.
4:42 of 1st period - Stopped by Craig Anderson without a rebound.
4:43 of 1st period - Joel Ward wins face-off versus Ryan Shannon in Wild zone.
5:46 of 1st period - Shot by Shawn Thornton.
5:46 of 1st period - Goal by Shawn Thornton - Hurricanes : 1 - Wild : 0.
5:47 of 1st period - Eric Staal wins face-off versus Mike Modano in neutral zone.
6:06 of 1st period - Shot by Eric Staal.
6:06 of 1st period - Shot Blocked by Andrew Alberts.
6:08 of 1st period - Shot by Johnny Oduya.
6:08 of 1st period - Stopped by Craig Anderson with a rebound.
6:34 of 1st period - Icing by Alexei Ponikarovsky.
6:35 of 1st period - Martin Hanzal wins face-off versus Mike Modano in Wild zone.
6:38 of 1st period - Shot by Thomas Vanek.
6:38 of 1st period - Stopped by Craig Anderson without a rebound.
6:39 of 1st period - Eric Staal wins face-off versus Ryan Getzlaf in Wild zone.
7:02 of 1st period - Shot by Eric Staal.
7:02 of 1st period - Shot Blocked by Michal Rozsival.
7:04 of 1st period - Shot by Sergei Gonchar.
7:04 of 1st period - Goal by Sergei Gonchar - Hurricanes : 2 - Wild : 0.
7:05 of 1st period - Martin Hanzal wins face-off versus Bobby Ryan in neutral zone.
7:10 of 1st period - Major Penalty to Martin Hanzal for Boarding.
7:11 of 1st period - Ryan Getzlaf wins face-off versus Mike Fisher in Hurricanes zone.
7:12 of 1st period - Shot by Brian Gionta.
7:12 of 1st period - Stopped by Johan Hedberg without a rebound.
7:13 of 1st period - Mike Fisher wins face-off versus Bobby Ryan in Hurricanes zone.
7:26 of 1st period - Mike Weber is hit by Bobby Ryan and loses puck.
7:59 of 1st period - Minor Penalty to Shawn Thornton for Tripping.
8:00 of 1st period - Eric Staal wins face-off versus Ryan Getzlaf in Hurricanes zone.
8:06 of 1st period - Icing by Rene Bourque.
8:07 of 1st period - Ryan Getzlaf wins face-off versus Eric Staal in Wild zone.
8:21 of 1st period - Shot by Joni Pitkanen.
8:21 of 1st period - Shot Misses the Net.
8:23 of 1st period - Shot by Joni Pitkanen.
8:23 of 1st period - Shot Hit the Post.
8:25 of 1st period - Shot by Michal Rozsival.
8:25 of 1st period - Deflect By Ryan Getzlaf.
8:25 of 1st period - Goal by Ryan Getzlaf - Hurricanes : 2 - Wild : 1.
8:26 of 1st period - Ryan Getzlaf wins face-off versus Shawn Thornton in neutral zone.
10:52 of 1st period - Shot by Bobby Ryan.
10:52 of 1st period - Goal by Bobby Ryan - Hurricanes : 2 - Wild : 2.
10:53 of 1st period - Bobby Ryan wins face-off versus Ryan Shannon in neutral zone.
10:58 of 1st period - Ryan Shannon is hit by Ruslan Fedotenko.
11:02 of 1st period - Matt Hunwick is hit by Bobby Ryan and loses puck.
11:13 of 1st period - Shot by Ruslan Fedotenko.
11:13 of 1st period - Shot Blocked by Mike Weber.
11:17 of 1st period - Shot by Ruslan Fedotenko.
11:17 of 1st period - Shot Blocked by Mike Weber.
11:19 of 1st period - Shot by Tom Gilbert.
11:19 of 1st period - Stopped by Johan Hedberg with a rebound.
11:21 of 1st period - Shot by Tom Gilbert.
11:21 of 1st period - Shot Blocked by Matt Hunwick.
11:53 of 1st period - Shot by Brian Gionta.
11:53 of 1st period - Stopped by Johan Hedberg without a rebound.
11:54 of 1st period - Christopher Higgins wins face-off versus Eric Staal in Hurricanes zone.
12:07 of 1st period - Shot by Milan Michalek.
12:07 of 1st period - Shot Misses the Net.
12:09 of 1st period - Shot by Christopher Higgins.
12:09 of 1st period - Shot Misses the Net.
12:11 of 1st period - Shot by Niclas Wallin.
12:11 of 1st period - Stopped by Johan Hedberg without a rebound.
12:12 of 1st period - Alexei Ponikarovsky wins face-off versus Eric Staal in Hurricanes zone.
13:00 of 1st period - Icing by Matt Hunwick.
13:01 of 1st period - Ryan Getzlaf wins face-off versus Thomas Vanek in Hurricanes zone.
13:01 of 1st period - Michal Rozsival is hit by Sergei Gonchar and loses puck.
13:05 of 1st period - Icing by Eric Staal.
13:06 of 1st period - Bobby Ryan wins face-off versus Eric Staal in Hurricanes zone.
13:06 of 1st period - Rene Bourque is hit by Matt Hunwick and loses puck.
13:12 of 1st period - Thomas Vanek is hit by Bobby Ryan and loses puck.
13:25 of 1st period - Chris Thorburn is hit by Rene Bourque and loses puck.
13:50 of 1st period - Shot by Martin Hanzal.
13:50 of 1st period - Shot Misses the Net.
13:54 of 1st period - Shot by Johnny Oduya.
13:54 of 1st period - Stopped by Craig Anderson with a rebound.
13:58 of 1st period - Shot by Jaroslav Spacek.
13:58 of 1st period - Shot Misses the Net.
14:22 of 1st period - Shot by Christopher Higgins.
14:22 of 1st period - Goal by Christopher Higgins - Hurricanes : 2 - Wild : 3.
14:23 of 1st period - Matt Cooke wins face-off versus Ryan Getzlaf in neutral zone.
14:26 of 1st period - Shot by Mike Weber.
14:26 of 1st period - Shot Blocked by Michal Rozsival.
15:24 of 1st period - Icing by Andrew Alberts.
15:25 of 1st period - Mike Modano wins face-off versus Thomas Vanek in Wild zone.
15:51 of 1st period - Icing by Shawn Thornton.
15:52 of 1st period - Bobby Ryan wins face-off versus Eric Staal in Hurricanes zone.
15:57 of 1st period - Shot by Brian Gionta.
15:57 of 1st period - Shot Misses the Net.
17:02 of 1st period - Shot by Mike Weber.
17:02 of 1st period - Shot Misses the Net.
17:04 of 1st period - Shot by Matt Cooke.
17:04 of 1st period - Stopped by Craig Anderson without a rebound.
17:05 of 1st period - Mike Modano wins face-off versus Eric Staal in Wild zone.
17:28 of 1st period - Minor Penalty to Alexei Ponikarovsky for Tripping.
17:29 of 1st period - Ruslan Fedotenko wins face-off versus Ryan Shannon in Wild zone.
17:40 of 1st period - Shot by Thomas Vanek.
17:40 of 1st period - Stopped by Craig Anderson without a rebound.
17:41 of 1st period - Bobby Ryan wins face-off versus Ryan Shannon in Wild zone.
18:39 of 1st period - Shot by Eric Staal.
18:39 of 1st period - Shot Blocked by Michal Rozsival.
18:43 of 1st period - Shot by Brad Boyes.
18:43 of 1st period - Shot Blocked by Michal Rozsival.
19:05 of 1st period - Icing by Matt Cooke.
19:06 of 1st period - Ryan Getzlaf wins face-off versus Matt Cooke in Hurricanes zone.
19:16 of 1st period - Icing by Johnny Oduya.
19:17 of 1st period - Ryan Shannon wins face-off versus Bobby Ryan in Hurricanes zone.
19:41 of 1st period - Shot by Mike Fisher.
19:41 of 1st period - Shot Misses the Net.
19:43 of 1st period - Shot by Shawn Thornton.
19:43 of 1st period - Shot Misses the Net.
19:45 of 1st period - Shot by Matt Hunwick.
19:45 of 1st period - Shot Misses the Net.
19:47 of 1st period - Shot by Shawn Thornton.
19:47 of 1st period - Stopped by Craig Anderson without a rebound.
19:48 of 1st period - Mike Modano wins face-off versus Eric Staal in Wild zone.

Period #2

0:01 of 2nd period - Eric Staal wins face-off versus Ryan Getzlaf in neutral zone.
0:30 of 2nd period - Michal Rozsival is hit by Shawn Thornton.
0:49 of 2nd period - Icing by Sergei Gonchar.
0:50 of 2nd period - Bobby Ryan wins face-off versus Eric Staal in Hurricanes zone.
0:55 of 2nd period - Shot by Brian Gionta.
0:55 of 2nd period - Stopped by Johan Hedberg with a rebound.
0:59 of 2nd period - Shot by Brian Gionta.
0:59 of 2nd period - Deflect By Bobby Ryan.
0:59 of 2nd period - Stopped by Johan Hedberg without a rebound.
1:00 of 2nd period - Mike Modano wins face-off versus Martin Hanzal in Hurricanes zone.
1:01 of 2nd period - Shot by Joel Ward.
1:01 of 2nd period - Shot Blocked by Chris Thorburn.
1:22 of 2nd period - Shot by Mike Modano.
1:22 of 2nd period - Shot Misses the Net.
1:46 of 2nd period - Icing by Johnny Oduya.
1:47 of 2nd period - Martin Hanzal wins face-off versus Brian Gionta in Hurricanes zone.
1:47 of 2nd period - Ryan Shannon is hit by Bobby Ryan and loses puck.
2:00 of 2nd period - Shot by Brian Gionta.
2:00 of 2nd period - Shot Blocked by Johnny Oduya.
2:04 of 2nd period - Shot by Rene Bourque.
2:04 of 2nd period - Deflect By Brian Gionta.
2:04 of 2nd period - Shot Blocked by Johnny Oduya.
2:08 of 2nd period - Shot by Rene Bourque.
2:08 of 2nd period - Shot Misses the Net.
2:12 of 2nd period - Shot by Brian Gionta.
2:12 of 2nd period - Goal by Brian Gionta - Hurricanes : 2 - Wild : 4.
2:13 of 2nd period - Ryan Getzlaf wins face-off versus Eric Staal in neutral zone.
2:40 of 2nd period - Shot by Thomas Vanek.
2:40 of 2nd period - Deflect By Eric Staal.
2:40 of 2nd period - Shot Misses the Net.
2:44 of 2nd period - Shot by Eric Staal.
2:44 of 2nd period - Stopped by Craig Anderson without a rebound.
2:45 of 2nd period - Brian Gionta wins face-off versus Mike Fisher in Wild zone.
3:21 of 2nd period - Bobby Ryan and Matt Cooke fight to a draw.
3:21 of 2nd period - Penalty to Bobby Ryan for Fighting.
3:21 of 2nd period - Penalty to Matt Cooke for Fighting.
3:22 of 2nd period - Mike Modano wins face-off versus Eric Staal in Hurricanes zone.
5:21 of 2nd period - Shot by Brian Gionta.
5:21 of 2nd period - Stopped by Johan Hedberg with a rebound.
5:23 of 2nd period - Shot by Brian Gionta.
5:23 of 2nd period - Shot Misses the Net.
5:25 of 2nd period - Shot by Brian Gionta.
5:25 of 2nd period - Shot Misses the Net.
5:53 of 2nd period - Icing by Joel Ward.
5:54 of 2nd period - Ryan Getzlaf wins face-off versus Eric Staal in Wild zone.
6:17 of 2nd period - Shot by Alexei Ponikarovsky.
6:17 of 2nd period - Deflect By Ryan Getzlaf.
6:17 of 2nd period - Goal by Ryan Getzlaf - Hurricanes : 2 - Wild : 5.
6:18 of 2nd period - Ryan Getzlaf wins face-off versus Thomas Vanek in neutral zone.
6:35 of 2nd period - Shot by Thomas Vanek.
6:35 of 2nd period - Stopped by Craig Anderson without a rebound.
6:36 of 2nd period - Milan Michalek wins face-off versus Martin Hanzal in Wild zone.
6:36 of 2nd period - Milan Michalek is hit by Martin Hanzal.
7:12 of 2nd period - Icing by Joni Pitkanen.
7:13 of 2nd period - Eric Staal wins face-off versus Milan Michalek in Wild zone.
7:13 of 2nd period - Eric Staal is hit by Tom Gilbert.
7:59 of 2nd period - Shot by Joel Ward.
7:59 of 2nd period - Stopped by Johan Hedberg without a rebound.
8:00 of 2nd period - Mike Fisher wins face-off versus Ryan Getzlaf in Hurricanes zone.
9:00 of 2nd period - Martin Hanzal is hit by Tom Gilbert and loses puck.
9:08 of 2nd period - Minor Penalty to Joni Pitkanen for Hooking.
9:09 of 2nd period - Mike Modano wins face-off versus Eric Staal in Wild zone.
9:32 of 2nd period - Shot by Jarome Iginla.
9:32 of 2nd period - Shot Blocked by Michal Rozsival.
9:34 of 2nd period - Shot by Sergei Gonchar.
9:34 of 2nd period - Shot Misses the Net.
9:38 of 2nd period - Shot by Jarome Iginla.
9:38 of 2nd period - Stopped by Craig Anderson without a rebound.
9:39 of 2nd period - Ryan Shannon wins face-off versus Ruslan Fedotenko in Wild zone.
9:40 of 2nd period - Shot by Thomas Vanek.
9:40 of 2nd period - Shot Misses the Net.
9:42 of 2nd period - Shot by Ryan Shannon.
9:42 of 2nd period - Stopped by Craig Anderson without a rebound.
9:43 of 2nd period - Mike Modano wins face-off versus Ryan Shannon in Wild zone.
10:02 of 2nd period - Shot by Bobby Ryan.
10:02 of 2nd period - Goal by Bobby Ryan - Hurricanes : 2 - Wild : 6.
10:03 of 2nd period - Mike Modano wins face-off versus Eric Staal in neutral zone.
11:06 of 2nd period - Shot by Mike Weber.
11:06 of 2nd period - Shot Blocked by Tom Gilbert.
11:25 of 2nd period - Minor Penalty to Ryan Getzlaf for Roughing.
11:26 of 2nd period - Ryan Shannon wins face-off versus Bobby Ryan in Wild zone.
11:27 of 2nd period - Shot by Thomas Vanek.
11:27 of 2nd period - Stopped by Craig Anderson with a rebound.
11:47 of 2nd period - Shot by Thomas Vanek.
11:47 of 2nd period - Shot Blocked by Michal Rozsival.
11:51 of 2nd period - Shot by Johnny Oduya.
11:51 of 2nd period - Shot Blocked by Joni Pitkanen.
11:53 of 2nd period - Shot by Ryan Shannon.
11:53 of 2nd period - Shot Blocked by Joel Ward.
12:24 of 2nd period - Shot by Jarome Iginla.
12:24 of 2nd period - Stopped by Craig Anderson without a rebound.
12:25 of 2nd period - Mike Fisher wins face-off versus Mike Modano in Wild zone.
12:42 of 2nd period - Shot by Matt Cooke.
12:42 of 2nd period - Shot Blocked by Tom Gilbert.
12:50 of 2nd period - Matt Hunwick is hit by Ruslan Fedotenko and loses puck.
13:38 of 2nd period - Shot by Thomas Vanek.
13:38 of 2nd period - Goal by Thomas Vanek - Hurricanes : 3 - Wild : 6.
13:39 of 2nd period - Ryan Getzlaf wins face-off versus Martin Hanzal in neutral zone.
14:22 of 2nd period - Shot by Bobby Ryan.
14:22 of 2nd period - Deflect By Brian Gionta.
14:22 of 2nd period - Shot Misses the Net.
14:24 of 2nd period - Shot by Brian Gionta.
14:24 of 2nd period - Stopped by Johan Hedberg without a rebound.
14:25 of 2nd period - Mike Modano wins face-off versus Eric Staal in Hurricanes zone.
14:46 of 2nd period - Shot by Sergei Gonchar.
14:46 of 2nd period - Shot Misses the Net.
14:52 of 2nd period - Shot by Eric Staal.
14:52 of 2nd period - Shot Blocked by Andrew Alberts.
14:54 of 2nd period - Shot by Thomas Vanek.
14:54 of 2nd period - Stopped by Craig Anderson with a rebound.
14:58 of 2nd period - Shot by Shawn Thornton.
14:58 of 2nd period - Stopped by Craig Anderson without a rebound.
14:59 of 2nd period - Mike Fisher wins face-off versus Bobby Ryan in Wild zone.
15:00 of 2nd period - Shot by Brad Boyes.
15:00 of 2nd period - Shot Misses the Net.
15:02 of 2nd period - Shot by Brad Boyes.
15:02 of 2nd period - Shot Misses the Net.
15:04 of 2nd period - Shot by Shawn Thornton.
15:04 of 2nd period - Stopped by Craig Anderson with a rebound.
15:08 of 2nd period - Shot by Brad Boyes.
15:08 of 2nd period - Shot Blocked by Brian Gionta.
15:10 of 2nd period - Shot by Shawn Thornton.
15:10 of 2nd period - Stopped by Craig Anderson with a rebound.
15:50 of 2nd period - Minor Penalty to Brian Gionta for Tripping.
15:51 of 2nd period - Eric Staal wins face-off versus Mike Modano in Wild zone.
15:57 of 2nd period - Eric Staal is hit by Niclas Wallin and loses puck.
16:00 of 2nd period - Shot by Sergei Gonchar.
16:00 of 2nd period - Shot Blocked by Mike Modano.
16:03 of 2nd period - Ryan Shannon is hit by Colin White and loses puck.
16:10 of 2nd period - Shot by Eric Staal.
16:10 of 2nd period - Shot Blocked by Ruslan Fedotenko.
17:13 of 2nd period - Shot by Matt Cooke.
17:13 of 2nd period - Stopped by Craig Anderson without a rebound.
17:14 of 2nd period - Eric Staal wins face-off versus Bobby Ryan in Wild zone.
17:14 of 2nd period - Eric Staal is hit by Michal Rozsival.
17:36 of 2nd period - Shot by Sergei Gonchar.
17:36 of 2nd period - Shot Misses the Net.
17:38 of 2nd period - Shot by Matt Cooke.
17:38 of 2nd period - Shot Misses the Net.
18:08 of 2nd period - Shot by Milan Michalek.
18:08 of 2nd period - Stopped by Johan Hedberg without a rebound.
18:09 of 2nd period - Mike Modano wins face-off versus Ryan Shannon in Hurricanes zone.
18:32 of 2nd period - Shot by Alexei Ponikarovsky.
18:32 of 2nd period - Deflect By Joel Ward.
18:32 of 2nd period - Stopped by Johan Hedberg without a rebound.
18:33 of 2nd period - Eric Staal wins face-off versus Ryan Getzlaf in Hurricanes zone.
18:51 of 2nd period - Icing by Ryan Getzlaf.
18:52 of 2nd period - Mike Fisher wins face-off versus Christopher Higgins in Wild zone.
18:59 of 2nd period - Johnny Oduya is hit by Christopher Higgins and loses puck.
19:06 of 2nd period - Shot by Ryan Getzlaf.
19:06 of 2nd period - Goal by Ryan Getzlaf - Hurricanes : 3 - Wild : 7.
19:07 of 2nd period - Bobby Ryan wins face-off versus Mike Fisher in neutral zone.
19:18 of 2nd period - Matt Cooke is hit by Joni Pitkanen and loses puck.
19:22 of 2nd period - Matt Cooke is hit by Tom Gilbert and loses puck.
19:56 of 2nd period - Minor Penalty to Joni Pitkanen for Roughing.
19:57 of 2nd period - Mike Modano wins face-off versus Ryan Shannon in Wild zone.

Period #3

0:01 of 3rd period - Bobby Ryan wins face-off versus Eric Staal in neutral zone.
0:14 of 3rd period - Off-side.
0:15 of 3rd period - Ryan Shannon wins face-off versus Mike Modano in neutral zone.
0:32 of 3rd period - Shot by Jaroslav Spacek.
0:32 of 3rd period - Shot Misses the Net.
0:34 of 3rd period - Shot by Thomas Vanek.
0:34 of 3rd period - Deflect By Chris Thorburn.
0:34 of 3rd period - Stopped by Craig Anderson with a rebound.
0:36 of 3rd period - Shot by Matt Hunwick.
0:36 of 3rd period - Deflect By Thomas Vanek.
0:36 of 3rd period - Stopped by Craig Anderson with a rebound.
0:38 of 3rd period - Shot by Thomas Vanek.
0:38 of 3rd period - Shot Misses the Net.
0:42 of 3rd period - Shot by Chris Thorburn.
0:42 of 3rd period - Shot Blocked by Colin White.
0:44 of 3rd period - Shot by Matt Hunwick.
0:44 of 3rd period - Stopped by Craig Anderson with a rebound.
0:46 of 3rd period - Shot by Jaroslav Spacek.
0:46 of 3rd period - Shot Misses the Net.
0:48 of 3rd period - Shot by Thomas Vanek.
0:48 of 3rd period - Shot Misses the Net.
1:03 of 3rd period - Eric Staal is hit by Niclas Wallin and loses puck.
1:14 of 3rd period - Shot by Sergei Gonchar.
1:14 of 3rd period - Shot Blocked by Michal Rozsival.
1:51 of 3rd period - Shot by Thomas Vanek.
1:51 of 3rd period - Deflect By Ryan Shannon.
1:51 of 3rd period - Shot Misses the Net.
3:22 of 3rd period - Shot by Joel Ward.
3:22 of 3rd period - Shot Misses the Net.
4:06 of 3rd period - Shot by Mike Fisher.
4:06 of 3rd period - Shot Misses the Net.
4:08 of 3rd period - Shot by Jarome Iginla.
4:08 of 3rd period - Shot Misses the Net.
4:10 of 3rd period - Shot by Mike Fisher.
4:10 of 3rd period - Stopped by Craig Anderson without a rebound.
4:11 of 3rd period - Eric Staal wins face-off versus Milan Michalek in Wild zone.
4:18 of 3rd period - Shot by Eric Staal.
4:18 of 3rd period - Stopped by Craig Anderson with a rebound.
4:28 of 3rd period - Shot by Ryan Getzlaf.
4:28 of 3rd period - Shot Blocked by Eric Staal.
4:32 of 3rd period - Shot by Ryan Getzlaf.
4:32 of 3rd period - Shot Misses the Net.
4:34 of 3rd period - Shot by Colin White.
4:34 of 3rd period - Shot Misses the Net.
4:40 of 3rd period - Shot by Marc-Andre Bergeron.
4:40 of 3rd period - Stopped by Johan Hedberg with a rebound.
4:42 of 3rd period - Shot by Christopher Higgins.
4:42 of 3rd period - Shot Misses the Net.
4:46 of 3rd period - Shot by Ryan Getzlaf.
4:46 of 3rd period - Shot Blocked by Matt Hunwick.
5:18 of 3rd period - Shot by Martin Hanzal.
5:18 of 3rd period - Stopped by Craig Anderson without a rebound.
5:19 of 3rd period - Bobby Ryan wins face-off versus Martin Hanzal in Wild zone.
6:28 of 3rd period - Shot by Ryan Getzlaf.
6:28 of 3rd period - Shot Blocked by Anton Stralman.
6:29 of 3rd period - Minor Penalty to Mike Weber for Hooking.
6:30 of 3rd period - Bobby Ryan wins face-off versus Eric Staal in Hurricanes zone.
7:37 of 3rd period - Shot by Joni Pitkanen.
7:37 of 3rd period - Stopped by Johan Hedberg with a rebound.
7:41 of 3rd period - Shot by Ryan Getzlaf.
7:41 of 3rd period - Stopped by Johan Hedberg with a rebound.
7:43 of 3rd period - Shot by Joni Pitkanen.
7:43 of 3rd period - Shot Misses the Net.
8:03 of 3rd period - Shot by Rene Bourque.
8:03 of 3rd period - Stopped by Johan Hedberg without a rebound.
8:04 of 3rd period - Eric Staal wins face-off versus Milan Michalek in Hurricanes zone.
8:32 of 3rd period - Icing by Niclas Wallin.
8:33 of 3rd period - Mike Fisher wins face-off versus Mike Modano in Wild zone.
8:45 of 3rd period - Minor Penalty to Alexei Ponikarovsky for Holding.
8:45 of 3rd period - Minor Penalty to Shawn Thornton for Elbowing.
8:46 of 3rd period - Bobby Ryan wins face-off versus Eric Staal in neutral zone.
8:55 of 3rd period - Shot by Milan Michalek.
8:55 of 3rd period - Stopped by Johan Hedberg without a rebound.
8:56 of 3rd period - Ryan Getzlaf wins face-off versus Eric Staal in Hurricanes zone.
8:59 of 3rd period - Shot by Brian Gionta.
8:59 of 3rd period - Shot Misses the Net.
9:15 of 3rd period - Shot by Eric Staal.
9:15 of 3rd period - Shot Misses the Net.
9:20 of 3rd period - Icing by Tom Gilbert.
9:21 of 3rd period - Ryan Getzlaf wins face-off versus Ryan Shannon in Wild zone.
10:03 of 3rd period - Icing by Colin White.
10:04 of 3rd period - Bobby Ryan wins face-off versus Chris Thorburn in Wild zone.
11:23 of 3rd period - Shot by Alexei Ponikarovsky.
11:23 of 3rd period - Stopped by Johan Hedberg with a rebound.
11:42 of 3rd period - Ryan Getzlaf is hit by Mike Weber and loses puck.
11:45 of 3rd period - Shot by Rene Bourque.
11:45 of 3rd period - Shot Blocked by Mike Weber.
11:47 of 3rd period - Shot by Christopher Higgins.
11:47 of 3rd period - Stopped by Johan Hedberg with a rebound.
12:59 of 3rd period - Shot by Thomas Vanek.
12:59 of 3rd period - Stopped by Craig Anderson with a rebound.
13:01 of 3rd period - Shot by Matt Hunwick.
13:01 of 3rd period - Stopped by Craig Anderson without a rebound.
13:02 of 3rd period - Eric Staal wins face-off versus Mike Modano in Wild zone.
13:05 of 3rd period - Shot by Eric Staal.
13:05 of 3rd period - Stopped by Craig Anderson without a rebound.
13:06 of 3rd period - Mike Modano wins face-off versus Eric Staal in Wild zone.
13:21 of 3rd period - Joel Ward is hit by Martin Hanzal and loses puck.
13:45 of 3rd period - Icing by Mike Modano.
13:46 of 3rd period - Martin Hanzal wins face-off versus Mike Modano in Wild zone.
15:04 of 3rd period - Shot by Jarome Iginla.
15:04 of 3rd period - Shot Misses the Net.
15:06 of 3rd period - Shot by Chris Thorburn.
15:06 of 3rd period - Goal by Chris Thorburn - Hurricanes : 4 - Wild : 7.
15:07 of 3rd period - Mike Fisher wins face-off versus Bobby Ryan in neutral zone.
15:13 of 3rd period - Icing by Joni Pitkanen.
15:14 of 3rd period - Eric Staal wins face-off versus Bobby Ryan in Wild zone.
15:43 of 3rd period - Shot by Brian Gionta.
15:43 of 3rd period - Stopped by Johan Hedberg without a rebound.
15:44 of 3rd period - Mike Modano wins face-off versus Mike Fisher in Hurricanes zone.
15:47 of 3rd period - Shot by Mike Modano.
15:47 of 3rd period - Shot Misses the Net.
16:08 of 3rd period - Niclas Wallin is hit by Mike Fisher and loses puck.
16:17 of 3rd period - Shot by Thomas Vanek.
16:17 of 3rd period - Shot Misses the Net.
16:46 of 3rd period - Shot by Ryan Getzlaf.
16:46 of 3rd period - Stopped by Johan Hedberg without a rebound.
16:47 of 3rd period - Martin Hanzal wins face-off versus Bobby Ryan in Hurricanes zone.
16:47 of 3rd period - Martin Hanzal is hit by Bobby Ryan.
17:25 of 3rd period - Shot by Rene Bourque.
17:25 of 3rd period - Stopped by Johan Hedberg without a rebound.
17:26 of 3rd period - Eric Staal wins face-off versus Ryan Getzlaf in Hurricanes zone.
17:26 of 3rd period - Sergei Gonchar is hit by Ryan Getzlaf and loses puck.
17:52 of 3rd period - Icing by Eric Staal.
17:53 of 3rd period - Bobby Ryan wins face-off versus Eric Staal in Hurricanes zone.
19:07 of 3rd period - Brad Boyes is hit by Michal Rozsival and loses puck.
19:25 of 3rd period - Christopher Higgins is hit by Mike Fisher and loses puck.


Output by the SimonT Hockey Simulator (STHS) for Stephane Roy -- Original Page W3C XHTML 1.0 Valid